 Dungeon Crawl Stone Soup version 0.15.1-3-g1b33baa (webtiles) character file.

94 CrazyArbalest the Covered (level 4, -6/31 HPs)
             Began as a Halfling Fighter on Oct 6, 2014.
             Killed by divine providence
             ... invoked by an orc priest
              (13 damage)
             ... on Level 3 of the Dungeon.
             The game lasted 00:10:22 (2665 turns).

CrazyArbalest the Covered (Halfling Fighter)        Turns: 2665, Time: 00:10:22

HP  -6/31        AC  8     Str 16      XL: 4   Next: 94%
MP   4/4         EV 10     Int  7      God:
Gold 124         SH  6     Dex 14      Spells:  0 memorised,  3 levels left

rFire  . . .     SeeInvis .     a - +0 cutlass
rCold  . . .     Clarity  .     b - +0 scale mail
rNeg   . . .     rCorr    .     l - +0 buckler (curse)
rPois  .         rRot     .     (no helmet)
rElec  .         Spirit   .     (no cloak)
SustAb .         Warding  .     s - +0 pair of gloves
rMut   .         Stasis   .     (no boots)
Gourm  .                        t - amulet of faith
MR     .....                    (no ring)
                                (no ring)

@: not resistant to hostile enchantments, extremely unstealthy
A: mutation resistance 1
a: no special abilities


You were on level 3 of the Dungeon.
You were not hungry.

You visited 1 branch of the dungeon, and saw 3 of its levels.

You collected 124 gold pieces.

Inventory:

Hand weapons
 a - a +0 cutlass (weapon)
Missiles
 h - 85 stones (quivered)
 o - 17 bolts
Armour
 b - a +0 scale mail (worn)
 c - a +0 buckler
 l - a cursed +0 buckler (worn)
 s - a +0 pair of gloves (worn)
Magical devices
 v - a wand of flame (4)
 w - a wand of cold (6) {unknown}
Comestibles
 d - 2 bread rations
 f - a royal jelly
 A - a chunk of rat flesh
Scrolls
 i - 4 scrolls of enchant armour {unknown}
 n - a scroll of recharging {unknown}
 p - a scroll of remove curse {unknown}
 q - 2 scrolls of identify {unknown}
Jewellery
 t - an amulet of faith (around neck)
Potions
 e - a potion of might
 g - a potion of flight {unknown}
 j - a potion of agility {unknown}
 k - 2 potions of degeneration {unknown}
 m - a potion of restore abilities {unknown}
 r - a potion of curing {unknown}
 u - a potion of decay {unknown}
Books
 x - a book of Battle

   Spells                             Type                      Level
   Infusion                           Charms                       1
   Shroud of Golubria                 Charms/Translocation         2
   Song of Slaying                    Charms                       2
   Spectral Weapon                    Hexes/Charms                 3
   Regeneration                       Charms/Necromancy            3


   Skills:
 + Level 3.2 Fighting
 + Level 3.6 Short Blades
 + Level 4.1 Armour
 + Level 1.3 Dodging
 + Level 3.9 Shields


You had 3 spell levels left.
You didn't know any spells.

Dungeon Overview and Level Annotations

Branches:
Dungeon (3/15)

Altars:
Elyvilon
Vehumet

Annotations:
D:3 CrazyArbalest's ghost, average HaFi


Innate Abilities, Weirdness & Mutations

You are small and have problems with some larger weapons.
You are somewhat resistant to further mutation.


Message History

The orc wizard gestures at you while chanting.
The puff of frost hits you!
The orc priest calls upon Beogh to heal the orc wizard.
The orc wizard's wounds heal themselves!
The orc wizard hits you with a dagger.
* * * LOW HITPOINT WARNING * * *
You closely miss the orc wizard. The orc wizard closely misses you.
The orc priest's eyes start to glow.
You hit the orc wizard.
The orc wizard is lightly wounded.
The orc wizard hits you but does no damage.
The orc priest utters an invocation to Beogh.
You feel troubled.
The orc wizard hits you but does no damage.
Your scale mail prevents you from hitting the orc wizard.
The orc wizard is lightly wounded.
You block the orc wizard's attack.
The orc priest mumbles some strange prayers to Beogh against you.
Something smites you!
You die...

#..## #....# ##..#
#.#.##
#..########.#.#
#.>.........#.#
.###############.#
.o.......# #.#
.#######.# #.# #.#
#.# #.# #@#
#.#######o##
#.....o.oo.#
############


You could see 2 orc priests and an orc wizard.

Vanquished Creatures
  4 adders (D:2)
  2 worms (D:2)
  A giant gecko (D:2)
  5 goblins
  6 hobgoblins (D:1)
  6 bats
  3 giant cockroaches (D:2)
  6 giant newts (D:1)
  7 kobolds
  12 rats
52 creatures vanquished.

Vanquished Creatures (others)
  A goblin (D:2)
1 creature vanquished.

Grand Total: 53 creatures vanquished

Notes
Turn   | Place    | Note
--------------------------------------------------------------
     0 | D:1      | CrazyArbalest, the Halfling Fighter, began the quest for the Orb.
     0 | D:1      | Reached XP level 1. HP: 15/15 MP: 1/1
   200 | D:1      | Reached XP level 2. HP: 18/20 MP: 2/2
   455 | D:1      | Reached XP level 3. HP: 26/26 MP: 3/3
  1172 | D:2      | Reached skill level 4 in Armour
  1186 | D:2      | Reached XP level 4. HP: 28/31 MP: 4/4
  1545 | D:2      | Reached skill level 1 in Dodging
  1968 | D:2      | Found a white marble altar of Elyvilon.
  2150 | D:3      | Noticed CrazyArbalest's ghost (average HaFi)
  2472 | D:3      | Found a radiant altar of Vehumet.
  2665 | D:3      | Killed from afar by an orc priest

Action                   |  1- 3 |  4- 6 || total
-------------------------+-------+-------++-------
Melee: Cutlass           |   101 |   109 ||   210
  Eat: Chunk             |     1 |     5 ||     6
